 Dungeon Crawl Stone Soup version 0.19-a0-1007-g133f65f (webtiles) character file.

24688 epen the Transmogrifier (level 12, -3/101 HPs)
             Began as a Grey Draconian Transmuter on July 20, 2016.
             Was a High Priest of Okawaru.
             Slain by a minotaur
             ... wielding a +0 club
              (21 damage)
             ... in a labyrinth.
             The game lasted 00:39:05 (18150 turns).

epen the Transmogrifier (DrTm)                     Turns: 18150, Time: 00:39:06

Health: -3/101     AC: 16    Str: 17    XL:     12   Next: 82%
Magic:  24/26      EV: 16    Int: 22    God:    Okawaru [*****.]
Gold:   932        SH:  0    Dex: 13    Spells: 5 memorised, 16 levels left

rFire  . . .     SeeInvis .       - Unarmed
rCold  . . .     Gourm    .     (armour unavailable)
rNeg   . . .     Faith    .     (shield currently unavailable)
rPois  +         Spirit   .     (helmet restricted)
rElec  .         Dismiss  .     P - +1 cloak {MR+}
rCorr  .         Reflect  .     (gloves currently unavailable)
SustAt .         Harm     .     D - +0 pair of boots {run}
MR     ++...                    (no amulet)
Stlth  +.........               G - ring of poison resistance
                                E - ring of the Rabble {*Confuse MR+ Str+4 Int+5}

@: confused, blade hands, quick, very resistant to hostile enchantments, very
unstealthy
A: walk through water, unfitting armour, unbreathing, cold-blooded, AC +13
a: End Transformation, Heroism, Finesse, Renounce Religion


You were in a labyrinth.
You worshipped Okawaru.
Okawaru was extremely pleased with you.
You were not hungry.
You had blades for hands.
You visited 3 branches of the dungeon, and saw 14 of its levels.
You also visited: Labyrinth, Sewer and Volcano.

You collected 932 gold pieces.

Inventory:

Missiles
 a - 117 arrows
Armour
 D - a +0 pair of boots of running (worn)
 L - a +2 buckler of fire resistance (melded)
 P - a +1 cloak of magic resistance (worn)
 W - a +0 pair of gloves of dexterity (melded)
Jewellery
 j - an uncursed ring of fire
 E - the ring of the Rabble (left scythe-like blade) {*Confuse MR+ Str+4 Int+5}
   (You found it on level 6 of the Dungeon)

   [ring of intelligence]

   It affects your strength (+4).
   It affects your intelligence (+5).
   It affects your resistance to hostile enchantments.
   It may confuse you when you take damage.
 G - a ring of poison resistance (right scythe-like blade)
 I - an uncursed ring of sustain attributes
 Q - a cursed ring of loudness {unknown}
 U - an uncursed ring of protection from fire
Wands
 e - a wand of disintegration (19/24)
 m - a wand of flame (16/48)
 A - a wand of lightning (11/15)
 M - a wand of paralysis (6/24)
 N - a wand of slowing (19/48)
 R - a wand of disintegration (11/24)
 T - a wand of acid (9/15)
 X - a wand of acid (11/15)
 Y - a wand of flame (8/48)
Scrolls
 k - a scroll of magic mapping
 p - 4 scrolls of teleportation
 s - 5 scrolls of remove curse
 u - 4 scrolls of recharging
 v - 2 scrolls of noise
 w - 2 scrolls of fear
 x - 4 scrolls of blinking
 y - a scroll of random uselessness
 C - 5 scrolls of identify
 F - a scroll of amnesia
 H - a scroll of fog
 V - a scroll of enchant armour
Potions
 d - 3 potions of berserk rage
 h - 2 potions of brilliance
 l - 2 potions of might
 n - 2 potions of haste
 o - 3 potions of heal wounds
 q - a potion of ambrosia
 t - a potion of invisibility
 z - 3 potions of lignification
 B - 2 potions of flight
 J - 3 potions of resistance
 O - a potion of agility
Books
 b - a book of Changes

   Spells                             Type                      Level
   a - Beastly Appendage              Transmutation                1
   b - Sticks to Snakes               Transmutation                2
   c - Spider Form                    Transmutation/Poison         3
   d - Ice Form                       Ice/Transmutation            4
   e - Blade Hands                    Transmutation                5
 i - a book of Callings

   Spells                             Type                      Level
   a - Summon Small Mammal            Summoning                    1
   b - Call Imp                       Summoning                    2
   c - Call Canine Familiar           Summoning                    3
   d - Summon Guardian Golem          Hexes/Summoning              3
   e - Summon Lightning Spire         Summoning/Air                4
   f - Summon Ice Beast               Ice/Summoning                4
 K - a Young Poisoner's Handbook

   Spells                             Type                      Level
   a - Sting                          Conjuration/Poison           1
   b - Mephitic Cloud                 Conjuration/Poison/Air       3
   c - Olgreb's Toxic Radiance        Poison                       4
   d - Alistair's Intoxication        Transmutation/Poison         5
   e - Venom Bolt                     Conjuration/Poison           5
 S - a book of Cantrips

   Spells                             Type                      Level
   a - Confusing Touch                Hexes                        1
   b - Animate Skeleton               Necromancy                   1
   c - Summon Small Mammal            Summoning                    1
   d - Apportation                    Translocation                1
Comestibles
 c - 8 bread rations
 f - 12 fruits
 g - 7 slices of pizza
 r - 6 meat rations


   Skills:
 + Level 8.1 Fighting
 + Level 7.0 Dodging
 - Level 4.7 Shields
 + Level 8.4 Unarmed Combat
 * Level 10.0 Spellcasting
 * Level 11.1 Transmutations
 * Level 8.5 Invocations


You had 16 spell levels left.
You knew the following spells:

 Your Spells              Type           Power        Failure   Level  Hunger
a - Blade Hands           Tmut           ######....   21%         5    ####...
b - Sticks to Snakes      Tmut           ######..     8%          2    None
c - Spider Form           Tmut/Pois      #####.....   21%         3    None
d - Ice Form              Ice/Tmut       #####...     41%         4    ##.....
e - Apportation           Tloc           ##........   41%         1    None


Dungeon Overview and Level Annotations

Branches:
Dungeon (10/15)            Temple (1/1) D:6            Lair (3/6) D:10
 Spider (0/4) Lair:3          Orc (0/2) D:9
  Swamp: Lair:2-4    Shoals: Lair:2-4

Altars:
Ashenzari
Cheibriados
Dithmenos
Elyvilon
Fedhas
Gozag
Hepliaklqana
Kikubaaqudgha
Makhleb
Nemelex Xobeh
Okawaru
Pakellas
Qazlal
Ru
Sif Muna
Trog
Uskayaw
Vehumet
Xom
Yredelemnul
Zin
The Shining One
Jiyva

Annotations:
D:3 Noname's ghost, amateur HEAM


Innate Abilities, Weirdness & Mutations

You can walk through water.
Your dull iron-grey scales are very hard. (AC +13)
Your body does not fit into most forms of armour.
You can survive without breathing.
You are cold-blooded and may be slowed by cold attacks.


Message History

You barely miss the minotaur.
The minotaur furiously retaliates!
The minotaur headbutts you, but does no damage.
The minotaur is severely wounded.
The minotaur hits you with a club!
You are confused.
The minotaur gores you!
You bump into the metal wall.
The minotaur hits you with a club!
* * * LOW HITPOINT WARNING * * *
The minotaur gores you but does no damage.
You hit the minotaur.
You tail-slap the minotaur, but do no damage.
The minotaur is severely wounded.
The minotaur barely misses you.
The minotaur gores you but does no damage.
You bump into the metal wall.
You bump into the metal wall.
The minotaur hits you with a club!
* * * LOW HITPOINT WARNING * * *
The minotaur gores you but does no damage.
You bump into the metal wall.
The minotaur hits you with a club!!
You die...

### ##. #.#
... . #.##
##.# #
....#.# # #
. # ## .#..
# # # #.# #
. . .
#.#.#.#H# ..
. #.# #@# #
# #.#
#.#.#.#.# #
. # #.#
...... #. #.
##########..
. .... .. #
. . #. ... .
. .##### .
##. # ## . #
# # . # . #
# # .#


You could see a minotaur.

Vanquished Creatures
  2 hydras
  The ghost of epen the Transmogrifier, a journeyman DrTm of Uskayaw (Volcano)
  Erica (D:10)
  5 death yaks (Lair:2)
  A centaur warrior (Volcano)
  Sonja (Lair:2)
  Maurice (D:10)
  2 black mambas (Lair:2)
  A gargoyle (Lab)
  4 spiny frogs
  A rime drake (Lair:2)
  7 komodo dragons
  A yaktaur (Volcano)
  A polar bear (Lair:1)
  2 minotaur skeletons (Lab)
  A slime creature (D:10)
  2 redbacks (Lab)
  3 shadows (Lab)
  A vampire (D:9)
  2 wyverns
  4 basilisks
  5 hippogriffs
  16 yaks
  A steam dragon (D:10)
  A hungry ghost (Lab)
  7 water moccasins
  Duvessa (D:6)
  3 porcupines
  4 ice beasts
  An orc warrior (D:10)
  A wasp (D:9)
  A sky beast (D:7)
  A black bear (Lair:1)
  2 necrophages
  5 ogres
  5 centaurs
  9 crocodiles
  4 big kobolds
  15 giant frogs
  An earth elemental (Lab)
  Dowan (D:6)
  2 scorpions
  11 killer bees
  4 crimson imps
  A howler monkey (D:8)
  2 wasp zombies
  5 jellies (D:10)
  8 hounds
  3 orc priests
  A giant frog skeleton (D:7)
  7 orc wizards
  Ijyb (D:2)
  6 iguanas
  Natasha (thrice) (D:4)
  5 worker ants
  7 sheep
  A howler monkey skeleton (D:4)
  4 gnolls (D:7)
  20 adders
  23 river rats
  A shadow imp (D:9)
  3 oozes
  An adder skeleton (D:6)
  5 worms
  3 dart slugs
  9 giant geckos
  30 orcs
  2 bats (D:2)
  7 giant cockroaches
  7 hobgoblins
  6 quokkas
  14 ball pythons
  8 giant newts
  6 goblins
  7 kobolds
  30 rats
381 creatures vanquished.

Vanquished Creatures (others)
  An ugly thing (D:5)
1 creature vanquished.

Grand Total: 382 creatures vanquished

Notes
Turn   | Place    | Note
-------+----------+-------------------------------------------
     0 | D:1      | epen the Draconian Transmuter began the quest for the Orb.
     0 | D:1      | Reached XP level 1. HP: 16/16 MP: 3/3
   437 | D:1      | Reached XP level 2. HP: 22/23 MP: 5/5
   864 | D:2      | Learned a level 2 spell: Sticks to Snakes
   899 | D:2      | Reached XP level 3. HP: 15/28 MP: 6/6
  1121 | D:2      | Noticed Ijyb
  1142 | D:2      | Killed Ijyb
  1142 | D:2      | Reached XP level 4. HP: 8/36 MP: 1/8
  1144 | D:2      | Reached skill level 3 in Transmutations
  1440 | D:2      | Learned a level 3 spell: Spider Form
  2264 | D:3      | Reached XP level 5. HP: 37/41 MP: 3/9
  2265 | D:3      | Noticed Noname's ghost (amateur HEAM)
  2328 | D:3      | Found a snail-covered altar of Cheibriados.
  2698 | D:3      | Noticed a necrophage
  2714 | D:3      | Killed a necrophage
  2714 | D:3      | Reached XP level 6. HP: 31/49 MP: 8/11
  3453 | D:4      | Reached skill level 4 in Transmutations
  3758 | D:4      | Noticed Natasha
  3770 | D:4      | Killed Natasha
  3971 | D:4      | Noticed Natasha
  3978 | D:4      | Killed Natasha
  3978 | D:4      | Your scales start taking on a dull iron-grey colour.
  3978 | D:4      | Reached XP level 7. HP: 52/56 MP: 6/13
  3978 | D:4      | Gained mutation: You can survive without breathing. [Grey Draconian growth]
  4086 | D:4      | Noticed Natasha
  4095 | D:4      | Killed Natasha
  4221 | D:4      | Found a deep blue altar of Sif Muna.
  4322 | D:4      | Found a sacrificial altar of Ru.
  4333 | D:5      | Entered Level 5 of the Dungeon
  4391 | D:5      | Found an oddly glowing altar of Pakellas.
  4391 | D:5      | Noticed a brown ugly thing
  4410 | D:5      | Killed a brown ugly thing
  4675 | D:5      | Found a glowing drain.
  4731 | Sewer    | Entered a sewer
  6058 | D:6      | Noticed Dowan
  6061 | D:6      | Noticed Duvessa
  6067 | D:6      | Reached skill level 5 in Transmutations
  6082 | D:6      | Killed Duvessa
  6119 | D:6      | Killed Dowan
  6119 | D:6      | Reached XP level 8. HP: 60/66 MP: 13/15
  6313 | D:6      | Learned a level 5 spell: Blade Hands
  6341 | D:6      | Reached skill level 5 in Spellcasting
  6745 | D:6      | Found a staircase to the Ecumenical Temple.
  6762 | Temple   | Entered the Ecumenical Temple
  6934 | Temple   | Became a worshipper of Warmaster Okawaru
  7029 | D:6      | Reached skill level 5 in Unarmed Combat
  7029 | D:6      | Reached skill level 6 in Transmutations
  7061 | D:6      | Got a sparkling marble ring
  7411 | D:6      | Found a hide-covered altar of Uskayaw.
  7690 | D:7      | Reached skill level 5 in Fighting
  8053 | D:7      | Reached XP level 9. HP: 69/74 MP: 17/17
  8215 | D:7      | Reached * piety under Okawaru
  8435 | D:7      | Got a translucent trident
  8443 | D:7      | Identified the +7 trident of the Reaper {pierce, rPois rF+++ Str+4} (You found it on level 7 of the Dungeon)
  8485 | D:7      | Reached skill level 7 in Transmutations
  8649 | D:7      | Identified the ring of the Rabble {*Confuse MR+ Str+4 Int+5} (You found it on level 6 of the Dungeon)
  8966 | D:8      | Noticed a moth of wrath
  8969 | D:8      | Found a bloodstained altar of Trog.
  9321 | D:8      | Reached ** piety under Okawaru
  9866 | D:8      | Learned a level 4 spell: Ice Form
  9881 | D:8      | Identified 2 scrolls of acquirement
  9890 | D:8      | Identified a +0 pair of boots of running (You acquired it on level 8 of the Dungeon)
  9922 | D:8      | Noticed a three-headed hydra
  9979 | D:8      | Killed a three-headed hydra
  9979 | D:8      | Reached *** piety under Okawaru
  9979 | D:8      | Reached skill level 5 in Dodging
  9979 | D:8      | Reached skill level 8 in Transmutations
  9979 | D:8      | Reached skill level 1 in Invocations
  9979 | D:8      | Reached XP level 10. HP: 71/83 MP: 16/21
 10108 | D:9      | Reached skill level 1 in Shields
 10177 | D:9      | Found a staircase to the Orcish Mines.
 10290 | D:9      | Reached **** piety under Okawaru
 10876 | D:9      | Found a stormy altar of Qazlal.
 10882 | D:9      | Found a hazy altar of Hepliaklqana.
 11350 | D:10     | Entered Level 10 of the Dungeon
 11566 | D:10     | Noticed Maurice
 11576 | D:10     | Killed Maurice
 11576 | D:10     | Reached ***** piety under Okawaru
 11576 | D:10     | Reached skill level 9 in Transmutations
 11606 | D:10     | Noticed Erica
 11623 | D:10     | Killed Erica
 11623 | D:10     | Received a gift from Okawaru
 11623 | D:10     | Reached XP level 11. HP: 32/91 MP: 16/23
 12029 | D:10     | Reached skill level 5 in Invocations
 12095 | D:10     | Found a staircase to the Lair.
 12414 | D:10     | Found a viscous altar of Jiyva.
 12670 | Lair:1   | Entered Level 1 of the Lair of Beasts
 13041 | Lair:1   | Learned a level 1 spell: Apportation
 13480 | Lair:1   | Noticed a four-headed hydra
 13530 | Lair:1   | Killed a four-headed hydra
 14295 | Lair:2   | Noticed Sonja
 14304 | Lair:2   | Killed Sonja
 14318 | Lair:2   | Reached skill level 10 in Transmutations
 14497 | Lair:2   | Noticed a death yak
 14535 | Lair:2   | Noticed a death yak
 14536 | Lair:2   | Noticed a death yak
 14537 | Lair:2   | Noticed a death yak
 14538 | Lair:2   | Noticed a death yak
 14542 | Lair:2   | Found a dark tunnel.
 14554 | Lair:2   | Received a gift from Okawaru
 14824 | Volcano  | Entered a volcano
 14830 | Volcano  | Noticed epen's ghost (journeyman DrTm)
 15005 | Volcano  | Killed epen's ghost
 15005 | Volcano  | Reached XP level 12. HP: 100/100 MP: 20/25
 15074 | Volcano  | Noticed a centaur warrior
 15101 | Volcano  | Killed a centaur warrior
 15326 | Volcano  | Found a burning altar of Makhleb.
 15540 | Lair:2   | Killed a death yak
 16321 | Lair:2   | Killed a death yak
 16325 | Lair:2   | Killed a death yak
 16333 | Lair:2   | Killed a death yak
 16335 | Lair:2   | Killed a death yak
 16335 | Lair:2   | Received a gift from Okawaru
 17118 | Lair:3   | Found a labyrinth entrance.
 17127 | Lab      | Entered a labyrinth
 17204 | Lab      | Received a gift from Okawaru
 17394 | Lab      | Reached skill level 11 in Transmutations
 17528 | Lab      | Reached skill level 10 in Spellcasting
 18128 | Lab      | Noticed a minotaur
 18150 | Lab      | Slain by a minotaur

Vault maps used:
D:1:      lemuel_arrival_cross
D:2:      fountainhead, minmay_pentomino_p4, uniq_iyjb
D:3:      overflow_temple_1_default
D:4:      nicolae_ru_the_path_less_chosen, lemuel_blue_sif_altar, uniq_natasha
D:5:      gup_sewer_entry_pipe, first_bread, gammafunk_pakellas_cloud_experiment
D:6:      lemuel_round_altar, st_stairs_14, uniq_duvessa
D:8:      tgw_trog, hangedman_ranch, dk_noncrumbling_3
D:9:      gammafunk_temple_overflow_pools, orc_0_dummy
D:10:     erik_lair_dragon, amethyst_killhole, jiyva_altar_1, uniq_maurice,
          uniq_erica
Temple:   regret_index_temple_sphere_string
Lair:2:   nicolae_volcano_entry_hallway, minivault_23, minivault_25,
          st_stairs_4, guppyfry_lair_drakes, lemuel_fruit_fields, uniq_sonja
Lair:3:   spider_nest_entry_web_field, lab_entry_generic
Lab:      labyrinth_mini_lab, lab_hedge, nicolae_lab_hexagon,
          nicolae_lab_t_cross, lab_statue, nicolae_lab_grate_2, lab_fountain,
          nicolae_lab_x, nicolae_lab_dead_end, nicolae_lab_do_over,
          nicolae_lab_plus, nicolae_lab_very_dead_end, nicolae_lab_garden
Sewer:    sewer_minmay_w
Volcano:  kennysheep_volcano_temple

Skill      XL: |  1  2  3  4  5  6  7  8  9 10 11 12 |
---------------+-------------------------------------+-----
Dodging        | 2 3 4 5 6 7 |  7.0
Transmutations | 3 4 5 6 8 9 10 11 | 11.1
Fighting       | 2 3 4 5 6 7 8 |  8.1
Spellcasting   | 3 4 5 7 8 9 10 | 10.0
Unarmed Combat | 4 5 6 7 8 |  8.4
Invocations    | 1 4 6 8 |  8.5
Shields        | 2 4 |  4.7

Action                   |  1- 3 |  4- 6 |  7- 9 | 10-12 || total
-------------------------+-------+-------+-------+-------++-------
Melee: Unarmed           |    79 |   243 |   592 |   692 ||  1606
       Tailslap          |     7 |    13 |    47 |   100 ||   167
       Headbutt          |     2 |     2 |       |       ||     4
       Kick              |     1 |       |       |       ||     1
       Punch             |       |       |     5 |    19 ||    24
 Cast: Beastly Appendage |     4 |     1 |       |       ||     5
       Sticks to Snakes  |     2 |       |       |     9 ||    11
       Spider Form       |       |    10 |    15 |     1 ||    26
       Blade Hands       |       |       |    11 |    58 ||    69
       Ice Form          |       |       |     1 |     2 ||     3
Invok: Heroism           |       |       |       |     3 ||     3
 Abil: End Transformatio |       |       |       |     1 ||     1
Evoke: Wand              |       |       |       |     2 ||     2
  Use: Potion            |     1 |       |     5 |     7 ||    13
       Scroll            |       |    11 |    15 |     5 ||    31
 Stab: Sleeping          |       |     1 |     1 |     1 ||     3
  Eat: Chunk             |     1 |    11 |    19 |    24 ||    55
       Bread ration      |       |       |     1 |       ||     1
       Pizza             |       |       |     1 |       ||     1
       Meat ration       |       |       |       |     3 ||     3
       Royal jelly       |       |       |       |     1 ||     1
Armor: Skin              |    24 |    55 |   186 |   234 ||   499
Dodge: Dodged            |    53 |   152 |   555 |   473 ||  1233
Block: Buckler           |       |       |       |     2 ||     2
